Map: Radhuset Station LE

Players

Bigdude

  • Race: Terran Terran
  • League: Gold
  • Spawn Location: 7:00

Subwayeatn - Winner!

  • Race: Zerg Zerg
  • League: Gold
  • Spawn Location: 1:00

VOD

Have the link to the VOD?

Description

Time

  • Played on: Oct. 19, 2023, 3:36 p.m.
  • Length: 16:49
Show
View Real Time Build Order
Export as new Build Order

Bigdude Terran 

Build Orders: Banshee Rush 

Get SALT Encoding   

  12  0:00  SCV  
  13  0:17  Supply Depot  
  13  0:18  SCV  
  14  0:30  SCV  
  15  0:40  Barracks  
  15  0:43  SCV  
  16  0:51  Supply Depot  
  16  0:55  SCV  
  17  0:59  Refinery  
  17  1:08  SCV  
  17  1:10  Refinery  
  18  1:27  Orbital Command  
  18  1:41  Marine  
  19  1:52  Factory  
  19  1:56  Engineering Bay  
  19  1:57  SCV  
  19  1:58  Marine  
  21  2:09  SCV  
  21  2:16  Marine  
  21  2:21  SCV  
  23  2:34  Marine  
  23  2:35  Factory Tech Lab  
  24  2:38  Starport  
  24  2:52  Marine  
  24  2:53  SCV  
  24  2:56  Siege Tank  
  28  3:10  Marine  
  28  3:16  Starport Tech Lab  
  28  3:26  Supply Depot  
  28  3:27  Marine  
  28  3:31  Command Center  
  29  3:45  Marine  
  29  3:46  SCV  
  29  3:47  Banshee  
  34  3:50  Cloaking Field  
  34  3:59  Supply Depot  
  34  4:09  SCV  
  35  4:10  Marine  
  36  4:30  Banshee  
  39  4:38  Fusion Core  
  39  5:04  Command Center  
  36  5:29  Battlecruiser  
  42  5:35  Planetary Fortress  
  42  5:54  Command Center  
  41  6:18  SCV  
  42  6:21  Missile Turret  
  42  6:29  SCV  
  42  6:30  SCV  
  44  6:41  SCV  
  44  6:42  SCV  
  44  6:45  Missile Turret  
  46  6:53  SCV  
  47  6:54  Missile Turret, SCV  
  47  6:55  Missile Turret  
  48  7:05  SCV  
  48  7:06  SCV  
  48  7:07  Battlecruiser  
  56  7:10  Barracks Tech Lab  
  56  7:11  Missile Turret  
  56  7:12  Refinery  
  56  7:17  SCV  
  56  7:18  SCV, Refinery  
  58  7:28  Planetary Fortress, Refinery  
  58  7:31  SCV  
  58  7:36  Missile Turret  
  59  7:42  Supply Depot  
  59  7:43  SCV  
  60  7:55  Planetary Fortress, SCV  
  61  8:02  Missile Turret  
  61  8:04  SCV  
  61  8:05  Supply Depot  
  62  8:07  SCV  
  63  8:16  SCV  
  64  8:28  SCV  
  64  8:30  Missile Turret  
  65  8:36  Missile Turret  
  65  8:40  SCV  
  66  8:44  SCV  
  66  8:47  Armory x2  
  67  8:52  SCV  
  68  8:57  Missile Turret, SCV  
  66  9:04  SCV  
  66  9:09  SCV  
  67  9:16  SCV  
  68  9:19  Missile Turret x2  
  68  9:20  Missile Turret  
  68  9:21  Missile Turret, SCV  
  57  9:25  Missile Turret  
  57  9:28  Missile Turret x2  
  57  9:30  Missile Turret x2  
  57  9:32  Missile Turret, SCV  
  57  9:33  SCV  
  59  9:45  SCV  
  60  9:46  SCV  
  60  9:48  Missile Turret  
  60  9:49  Missile Turret  
  61  9:54  Missile Turret  
  61  9:56  Refinery  
  61  9:57  SCV  
  61  9:58  SCV  
  63  10:00  Terran Ship Weapons Level 1  
  63  10:01  Terran Vehicle And Ship Armor Level 1  
  63  10:09  SCV  
  63  10:10  SCV  
  63  10:11  Missile Turret  
  65  10:15  Missile Turret  
  65  10:19  SCV  
  65  10:21  SCV  
  67  10:22  SCV  
  68  10:31  SCV  
  68  10:36  Missile Turret  
  68  10:43  SCV  
  69  10:51  Command Center  
  69  10:52  Neosteel Armor  
  69  10:54  Missile Turret  
  69  10:55  SCV  
  70  10:58  Missile Turret  
  70  10:59  Starport  
  70  11:07  SCV  
  70  11:08  Refinery  
  71  11:14  Refinery  
  71  11:15  Missile Turret  
  71  11:19  Missile Turret, SCV  
  71  11:24  Thor  
  78  11:31  SCV  
  79  11:35  Missile Turret  
  79  11:36  Starport  
  79  11:42  Missile Turret  
  79  11:43  SCV  
  80  11:54  Command Center  
  80  11:55  Terran Ship Weapons Level 2, Terran Vehicle And Ship Armor Level 2  
  80  11:57  Starport Tech Lab, Missile Turret  
  80  12:03  Missile Turret, Supply Depot  
  80  12:04  Battlecruiser  
  86  12:14  Starport  
  86  12:16  Starport Tech Lab  
  86  12:18  Battlecruiser  
  92  12:27  Supply Depot  
  92  12:30  Planetary Fortress, Refinery  
  92  12:33  Hi-Sec Auto Tracking  
  92  12:47  Viking  
  92  12:49  Supply Depot  
  94  12:53  Weapon Refit, Refinery  
  94  13:01  Command Center  
  94  13:08  Viking, Refinery  
  79  13:17  Battlecruiser, SCV  
  86  13:22  Viking  
  86  13:23  Planetary Fortress  
  86  13:29  SCV  
  86  13:30  Terran Infantry Weapons Level 1  
  87  13:41  SCV  
  88  13:50  Missile Turret  
  88  13:52  Missile Turret  
  88  13:53  SCV  
  82  14:05  SCV  
  81  14:14  Missile Turret  
  81  14:16  Missile Turret, Refinery  
  81  14:17  Missile Turret  
  75  14:26  Starport Tech Lab  
  75  14:29  Battlecruiser  
  75  14:30  Viking, Battlecruiser  
  89  14:39  Missile Turret  
  89  14:41  SCV  
  82  14:53  SCV  
  82  14:59  Viking  
  74  15:25  SCV  
  69  15:30  Battlecruiser  
  69  15:33  Viking, Missile Turret x2  
  69  15:34  Missile Turret  
  69  15:35  Battlecruiser  
  83  15:37  SCV  
  83  15:41  SCV  
  83  15:42  Missile Turret  
  85  15:45  Missile Turret  
  85  15:47  Missile Turret  
  85  15:49  SCV  
  86  15:51  Viking  
  86  15:53  SCV  
  86  15:54  Missile Turret  
  89  16:01  Command Center, SCV  
  89  16:03  Viking  
  90  16:04  Missile Turret  
  90  16:05  SCV  
  90  16:13  SCV  
  90  16:18  SCV  
  86  16:30  SCV  
Show
View Real Time Build Order
Export as new Build Order

Subwayeatn Zerg - Winner!

Build Orders: Pool First 

Get SALT Encoding   

  12  0:00  Drone  
  13  0:22  Spawning Pool  
  13  0:25  Drone  
  13  0:30  Drone  
  14  0:38  Overlord  
  14  1:01  Drone x3  
  17  1:13  Zergling x2  
  18  1:18  Hatchery  
  18  1:24  Drone  
  18  1:36  Drone  
  20  1:47  Zergling x2  
  20  1:59  Zergling x2  
  21  2:07  Overlord  
  20  2:38  Queen x2  
  20  2:41  Overlord  
  20  2:44  Zergling x8  
  28  3:00  Extractor  
  27  3:16  Drone x3  
  27  3:18  Queen  
  27  3:19  Hatchery  
  31  3:32  Drone x5  
  35  3:48  Drone x5  
  40  4:04  Drone x3  
  40  4:09  Metabolic Boost  
  43  4:12  Overlord  
  43  4:13  Overlord x2  
  41  4:41  Spore Crawler  
  41  4:44  Spore Crawler  
  39  4:47  Queen  
  41  4:54  Drone x2  
  41  4:57  Lair  
  41  4:59  Drone x7, Extractor  
  53  5:00  Drone x4  
  53  5:03  Spore Crawler  
  52  5:11  Extractor  
  52  5:12  Extractor  
  50  5:22  Queen  
  50  5:28  Overlord  
  52  5:35  Evolution Chamber  
  51  5:36  Evolution Chamber  
  51  5:37  Drone x3  
  51  5:38  Drone  
  51  5:39  Drone x2  
  51  5:40  Drone x3  
  59  5:44  Spore Crawler  
  59  5:48  Overlord  
  59  5:49  Overlord  
  56  5:58  Queen  
  56  6:03  Zerg Melee Weapons Level 1  
  58  6:05  Zerg Ground Armor Level 1  
  58  6:12  Drone x11  
  68  6:20  Overseer  
  68  6:24  Overlord  
  68  6:25  Overlord x2  
  68  6:33  Spire  
  68  6:36  Extractor x2  
  68  6:38  Drone x5  
  68  6:39  Drone  
  71  6:42  Pneumatized Carapace, Overlord  
  71  6:48  Drone  
  71  6:51  Drone  
  71  6:52  Drone  
  74  6:57  Overlord  
  74  6:58  Overlord  
  74  7:03  Overlord  
  74  7:09  Overseer  
  74  7:21  Zergling x8  
  74  7:22  Zergling x16  
  86  7:31  Drone  
  86  7:34  Overlord  
  87  7:38  Overseer x2  
  87  7:46  Mutalisk x5, Zerg Flyer Armor Level 1  
  87  7:47  Mutalisk x2  
  101  7:51  Corruptor  
  101  7:57  Zergling x6  
  101  7:58  Zergling x2  
  107  8:06  Hatchery  
  106  8:25  Corruptor x5  
  116  8:35  Zergling x2  
  116  8:40  Zerg Ground Armor Level 2  
  117  8:59  Mutalisk x4  
  117  9:00  Extractor  
  117  9:01  Extractor  
  123  9:09  Zergling x4  
  117  9:22  Queen x2  
  117  9:23  Queen  
  123  9:26  Drone x4  
  123  9:28  Drone x13  
  123  9:29  Queen  
  142  9:42  Zergling x20  
  152  9:58  Zerg Flyer Armor Level 2  
  152  10:01  Infestation Pit  
  139  10:32  Overlord x2  
  139  10:33  Overlord x7  
  134  10:48  Baneling Nest, Overlord x2  
  133  10:53  Hive  
  133  10:54  Zerg Melee Weapons Level 2  
  133  11:07  Drone x2  
  133  11:09  Drone  
  133  11:10  Drone  
  137  11:12  Overlord  
  137  11:13  Corruptor x3  
  137  11:14  Corruptor  
  137  11:15  Mutalisk  
  137  11:16  Mutalisk x5  
  157  11:34  Centrifugal Hooks  
  157  11:35  Baneling x2  
  157  11:36  Baneling x8  
  157  11:37  Baneling x5  
  157  11:38  Zergling x2  
  157  11:39  Zergling x20  
  168  11:48  Hatchery  
  167  12:04  Corruptor x3  
  167  12:06  Mutalisk x10  
  167  12:07  Mutalisk x2  
  197  12:13  Zergling x2  
  197  12:14  Overlord  
  197  12:15  Overlord  
  198  12:26  Zerg Ground Armor Level 3  
  198  12:29  Ultralisk Cavern  
  197  12:33  Greater Spire  
  197  12:44  Extractor  
  196  12:54  Zergling x6, Hatchery  
  196  12:56  Extractor  
  196  12:57  Extractor  
  180  13:18  Zergling x4  
  180  13:19  Zergling x4  
  182  13:23  Ultralisk x3  
  196  14:09  Brood Lord x2  
  196  14:50  Ultralisk  
  196  14:51  Ultralisk  
  194  14:53  Zergling x16  
  186  15:23  Ultralisk x3  
  186  15:28  Brood Lord x2  
Tags
 
League
GoldGold
Matchup
TvZ
Opening
Pool First
Replay Pack
Multiplayer
Spawn Locations
Cross Positions
Strategy
Banshee Rush
Add a new tag
Caveats
  • Supply blocks, unpowered buildings, or Contaminate may cause inaccurate times.
  • Supply counts are checked every 10 seconds.